 Dungeon Crawl Stone Soup version 0.19.0-2-gae57169 (webtiles) character file.

54675 Medar the Blocker (level 14, 0/68 HPs)
             Began as a Vine Stalker Gladiator on Nov 5, 2016.
             Was a Priest of Uskayaw.
             Slain by Saint Roka
             ... wielding a +6 bardiche of protection
              (3 damage)
             ... on level 2 of the Orcish Mines.
             The game lasted 01:35:05 (19453 turns).

Medar the Blocker (Vine Stalker Gladiator)         Turns: 19453, Time: 01:35:06

Health: 0/68       AC: 28    Str: 24    XL:     14   Next: 73%
Magic:  0/28       EV: 13    Int: 14    God:    Uskayaw [***...]
Gold:   1758       SH:  0    Dex: 28    Spells: 0 memorised, 13 levels left

rFire  . . .     SeeInvis .     a - +10 scimitar of Gehenna {slice, rC- MP+9 Int+2 Dex+3}
rCold  . . .     Gourm    .     K - +12 chain mail of the Okapi {rN+ Int+4 Dex+3}
rNeg   + . .     Faith    .     e - +0 shield "Wingeo Jitz" {rCorr Str+4}
rPois  .         Spirit   +     G - +0 hat {MR+}
rElec  .         Reflect  .     E - +2 cloak {+Inv}
rCorr  +         Harm     .     t - +2 pair of gloves
MR     ++...                    Y - +0 pair of boots
Stlth  ..........               D - amulet of rage
                                x - ring of protection from cold
                                N - +4 ring of dexterity

@: confused, very slightly contaminated, invisible (expiring)
A: fangs 3, regeneration 2, magic shield, antimagic bite, no device heal 3, rot
immunity
a: Stomp, Line Pass, Renounce Religion, Evoke Berserk Rage, Turn Visible


You were on level 2 of the Orcish Mines.
You worshipped Uskayaw.
Uskayaw was noncommittal.
You were hungry.

You visited 4 branches of the dungeon, and saw 19 of its levels.
You visited the Abyss 1 time.
You also visited: Labyrinth, Ossuary and Volcano.

You collected 2286 gold pieces.
You spent 528 gold pieces at shops.

Inventory:

Hand Weapons
 a - the +10 scimitar of Gehenna (weapon) {slice, rC- MP+9 Int+2 Dex+3}
   (You found it in a labyrinth)

   It inflicts extra damage upon your enemies.
   It affects your intelligence (+2).
   It affects your dexterity (+3).
   It makes you vulnerable to cold.
   It affects your magic capacity (+9).
 c - a +0 blowgun
 X - a +2 scimitar of slicing
Missiles
 U - 23 curare-tipped needles
Armour
 e - the +0 shield "Wingeo Jitz" (worn) {rCorr Str+4}
   (You found it on level 9 of the Dungeon)

   It affects your strength (+4).
   It protects you from acid and corrosion.
 t - a +2 pair of gloves (worn)
 E - a +2 cloak of invisibility (worn)
 G - a +0 hat of magic resistance (worn)
 K - the +12 chain mail of the Okapi (worn) {rN+ Int+4 Dex+3}
   (You found it on level 5 of the Lair of Beasts)

   It affects your intelligence (+4).
   It affects your dexterity (+3).
   It protects you from negative energy.
 Y - a +0 pair of boots (worn)
Rods
 b - a +1 iron rod (12/12)
   (You found it on level 6 of the Dungeon)
 m - a +5 rod of shadows (13/13) {!a}
   (You found it in a labyrinth)
 u - a +2 rod of clouds (12/12) {!a}
   (You took it off a minotaur in a labyrinth)
Jewellery
 x - a ring of protection from cold (right hand)
 D - an amulet of rage (around neck)
 N - a +4 ring of dexterity (left hand)
 O - an uncursed ring of magical power
 W - an uncursed ring of positive energy
Wands
 j - a wand of flame (30/48)
 n - a wand of digging (12/24)
 r - a wand of confusion (28/48)
 z - a wand of iceblast (4/15)
 B - a wand of teleportation (5/9)
 H - a wand of slowing (22/48)
 R - a wand of disintegration (4/24)
 S - a wand of teleportation (0/9)
 V - a wand of iceblast (8/15)
Scrolls
 g - 2 scrolls of fog
 k - 4 scrolls of recharging
 q - 3 scrolls of teleportation
 v - a scroll of silence {!r}
 w - a scroll of summoning
 y - 3 scrolls of vulnerability
 A - 2 scrolls of enchant armour {unknown}
 C - a scroll of amnesia {unknown}
 F - 2 scrolls of remove curse {@r1}
 L - a scroll of magic mapping {@r3}
 Q - 2 scrolls of fear
Potions
 i - a potion of might
 l - 4 potions of agility
 o - a potion of resistance
 s - 8 potions of curing {@q1}
 I - 4 potions of flight
 J - a potion of invisibility
 M - 3 potions of haste
 Z - 3 potions of cancellation
Miscellaneous
 P - a box of beasts
Comestibles
 d - 11 chunks of flesh
 f - 4 bread rations {@e1}
 h - 9 meat rations {@e2}
 T - 8 fruits {@e3}


   Skills:
 - Level 5.0 Fighting
 - Level 14.0 Long Blades
 - Level 1.7 Throwing
 - Level 2.6 Armour
 - Level 5.8 Dodging
 + Level 14.8 Shields
 - Level 6.1 Invocations
 - Level 4.0 Evocations


You had 13 spell levels left.
You didn't know any spells.

Dungeon Overview and Level Annotations

Branches:
Dungeon (10/15)            Temple (1/1) D:4            Lair (6/6) D:10
 Shoals (0/4) Lair:3        Snake (0/4) Lair:3        Slime (0/5) Lair:6
    Orc (2/2) D:10            Elf (0/3) Orc:2

Altars:
Ashenzari
Elyvilon
Fedhas
Gozag
Hepliaklqana
Kikubaaqudgha
Okawaru
Qazlal
Sif Muna
Uskayaw
Xom
Zin
The Shining One
Beogh

Shops:
D:4 !   D:8 }   D:10 ?   Orc:1 (   Orc:2 (=::%

Annotations:
D:10 1 runed door
Lair:3 exclusion: 3 oklob plants
Lair:6 Kirke, Rupert
Orc:2 Saint Roka


Innate Abilities, Weirdness & Mutations

You have razor-sharp teeth.
You heal very quickly.
When hurt, damage is shared between your health and your magic reserves.
Your bite disrupts and absorbs the magic of your enemies.
Potions and wands cannot restore your health.
You are immune to rotting.


Message History

Saint Roka is no longer paralysed.
You hit Saint Roka but do no damage. Your bite misses Saint Roka.
Saint Roka is severely wounded.
The orc knight is no longer paralysed.
The orc knight shoots a bolt.
Saint Roka barely misses you.
The ogre is no longer paralysed.
The orc wizard is no longer paralysed.
The warg bites you. The warg barely misses you.
The orc knight shoots a bolt.
The bolt hits you!
* * * LOW HITPOINT WARNING * * *
The orc wizard casts a spell at the orc knight.
The magic dart hits the orc knight.
You see here a bolt.
You miss the warg.
The orc knight shouts!
You bite the warg. You drain its power.
You feel invigorated.
The warg is heavily wounded.
You flicker for a moment.
The warg barely misses you.
Saint Roka hits you with a bardiche of protection!!
You die...

#####......#..#............<.....
.#.#.[.....#........#............
.)[[[#.....#..#.(............##.#
#.[.###....#........#.#.#.....###
.....#..#..#..#......#....#..##
.#∩#.).##.).........#........#
.∩.∩..)(#)[)).(#o.........#.##
.#∩#..)##)))...h@........####
.....#))#))#).oO.........#
#...###)(.)#o.##.##...#.##
.....#.....#..####....#.##
.#.#.......#..###.#..#...# #
#####......#..##......#.## ##
..........##..##.......#.## ###.
.........##...###.###.#...####...


You could see Saint Roka, an orc knight, a warg, an ogre and an orc wizard.

Vanquished Creatures
  Gastronok (Orc:1)
  An orc warlord (Orc:2)
  Nessos (Lair:4)
  A fire dragon (Lair:6)
  An ettin (Orc:2)
  Josephine (Orc:1)
  A minotaur (Lab)
  Erolcha (Orc:1)
  Fannar (Orc:1)
  4 hydras
  A centaur warrior (Volcano)
  Urug (Lair:2)
  An orc high priest (Orc:2)
  A hell knight (Volcano)
  Sonja (Lair:2)
  Pikel (D:5)
  3 lindwurms (Lair:6)
  5 orc sorcerers (Orc:2)
  A large abomination (Abyss:2)
  A black mamba (Lair:6)
  A gargoyle (Volcano)
  Maurice (Orc:1)
  A molten gargoyle (Volcano)
  6 spiny frogs
  6 torpor snails (Lair:6)
  5 rime drakes
  6 komodo dragons
  The ghost of xeno23 the Firebug, a novice DEFE of Vehumet (D:6)
  A polar bear (Lair:4)
  A troll (Orc:2)
  7 hornets
  3 tyrant leeches (Lair:6)
  3 hippogriffs
  3 two-headed ogres
  16 blink frogs
  A minotaur skeleton (Lab)
  4 dream sheep
  Prince Ribbit (Lair:2)
  A spriggan (shapeshifter) (Abyss:2)
  4 hogs (D:10)
  26 yaks
  3 wraiths (Orc:1)
  A wyvern (D:9)
  A basilisk (Lair:5)
  A human (D:10)
  2 hungry ghosts
  Menkaure (D:6)
  A chaos spawn (Abyss:2)
  3 steam dragons (Lair:6)
  Edmund (D:6)
  8 wargs
  5 water moccasins
  5 nagas (Lair:3)
  6 porcupines
  30 orc warriors
  An ice beast (D:7)
  A hornet zombie (D:10)
  6 ogres
  A sky beast (D:10)
  A black bear (D:9)
  A phantom (D:8)
  A necrophage (D:6)
  18 wolves
  5 centaurs
  15 crocodiles
  The ghost of bananaglory the Sneak, an amateur TeAs (D:3)
  4 big kobolds
  Blork the orc (D:6)
  An elf zombie (Ossuary)
  12 bullfrogs
  5 scorpions
  6 killer bees
  5 wights (D:6)
  8 howler monkeys
  4 crimson imps
  A centaur zombie (Ossuary)
  A bullfrog zombie (D:8)
  9 lava snakes (Volcano)
  A quasit (Abyss:2)
  2 centaur skeletons
  A human zombie (Ossuary)
  6 jellies
  6 hounds
  An iron imp (Abyss:2)
  23 orc priests
  7 iguanas
  38 orc wizards
  4 worker ants
  A big kobold zombie (Ossuary)
  2 hound skeletons
  2 mummies (Ossuary)
  A howler monkey zombie (D:10)
  A worker ant zombie (D:3)
  9 adders
  13 gnolls
  A shadow imp (D:5)
  A white imp (Orc:2)
  4 oozes (Lair:6)
  2 adder zombies
  2 adder skeletons
  3 worms
  A dart slug (D:2)
  4 leopard geckos
  70 orcs
  9 giant cockroaches
  9 goblins
  5 hobgoblins
  16 jackals
  28 kobolds
  2 quokkas
  6 bats
  A frilled lizard (D:4)
  2 goblin zombies (Ossuary)
  7 hobgoblin zombies (Ossuary)
  A jackal skeleton (D:4)
  A jackal zombie (Ossuary)
  13 kobold zombies (Ossuary)
  8 orc zombies (Ossuary)
  6 rats (D:1)
  A rat zombie (Ossuary)
  A fungus (Lair:2)
  A plant (Lair:3)
626 creatures vanquished.

Vanquished Creatures (collateral kills)
  A fire dragon (Lair:6)
1 creature vanquished.

Vanquished Creatures (others)
  A spiny frog (Lair:6)
  A water moccasin (Lair:6)
  3 slaves (D:5)
  An orc wizard (D:5)
  An orc (D:5)
  A bush (D:6)
  3 fungi (Lair:6)
  24 plants
  2 starspawn tentacles (Abyss:2)
37 creatures vanquished.

Grand Total: 664 creatures vanquished

Notes
Turn   | Place    | Note
-------+----------+-------------------------------------------
     0 | D:1      | Medar the Vine Stalker Gladiator began the quest for the Orb.
     0 | D:1      | Reached XP level 1. HP: 11/11 MP: 2/2
   513 | D:2      | Reached XP level 2. HP: 14/15 MP: 3/3
  1546 | D:1      | Reached XP level 3. HP: 18/18 MP: 4/4
  2232 | D:3      | Gained mutation: Your natural rate of healing is unusually fast. [Vine Stalker growth]
  2232 | D:3      | Reached XP level 4. HP: 21/23 MP: 5/5
  2457 | D:3      | Reached skill level 5 in Long Blades
  2457 | D:3      | Reached XP level 5. HP: 18/26 MP: 6/6
  2565 | D:3      | Noticed bananaglory's ghost (amateur TeAs)
  2690 | D:4      | Noticed a hippogriff
  2730 | D:4      | Found a staircase to the Ecumenical Temple.
  2737 | Temple   | Entered the Ecumenical Temple
  2745 | Temple   | Became a worshipper of Uskayaw the Reveler
  2783 | D:4      | Found Nyqiukk's Distillery.
  2792 | D:4      | Reached * piety under Uskayaw
  2794 | D:4      | Reached XP level 6. HP: 25/30 MP: 4/7
  2794 | D:4      | Reached ** piety under Uskayaw
  2801 | D:4      | Reached *** piety under Uskayaw
  2805 | D:4      | Reached **** piety under Uskayaw
  2821 | D:4      | Bought a potion of lignification for 42 gold pieces
  2918 | D:4      | Found a shattered altar of Ashenzari.
  2947 | D:4      | Reached skill level 1 in Invocations
  3018 | D:4      | Found a sand-covered staircase.
  3031 | Ossuary  | Entered an ossuary
  3190 | Ossuary  | Reached XP level 7. HP: 34/34 MP: 9/9
  3856 | D:5      | Entered Level 5 of the Dungeon
  4010 | D:5      | Gained mutation: You have razor-sharp teeth. [Vine Stalker growth]
  4010 | D:5      | Reached XP level 8. HP: 36/38 MP: 11/11
  4058 | D:5      | Noticed Pikel
  4082 | D:5      | Killed Pikel
  4411 | D:5      | Killed a hippogriff
  5083 | D:6      | Reached XP level 9. HP: 45/45 MP: 13/13
  5110 | D:6      | Noticed Blork the orc
  5124 | D:6      | Killed Blork the orc
  5249 | D:6      | Noticed xeno23's ghost (novice DEFE)
  5489 | D:3      | Killed bananaglory's ghost
  5590 | D:6      | Killed xeno23's ghost
  5735 | D:6      | Noticed Edmund
  5744 | D:6      | Killed Edmund
  5744 | D:6      | Reached skill level 5 in Dodging
  5836 | D:6      | Noticed Menkaure
  5845 | D:6      | Killed Menkaure
  5845 | D:6      | Reached skill level 5 in Fighting
  5947 | D:6      | Reached skill level 1 in Armour
  6891 | D:7      | Got a faintly glowing scythe
  6904 | D:7      | Found a shimmering altar of Xom.
  6904 | D:7      | Found a faded altar of an unknown god.
  6909 | D:7      | Found a faded altar of an unknown god.
  6910 | D:7      | Reached XP level 10. HP: 51/51 MP: 14/14
  6912 | D:7      | Found a faded altar of an unknown god.
  6914 | D:7      | Found a faded altar of an unknown god.
  7007 | D:7      | Found a deep blue altar of Sif Muna.
  7316 | D:8      | Identified a -2 rod of clouds (9/9) (You found it on level 8 of the Dungeon)
  7506 | D:8      | Reached skill level 10 in Long Blades
  7800 | D:8      | Found Neram's Gadget Shop.
  8499 | D:9      | Paralysed by a hornet for 1 turns
  8520 | D:9      | Got a transparent shield
  8527 | D:9      | Identified the cursed +0 shield "Wingeo Jitz" {rCorr Str+4} (You found it on level 9 of the Dungeon)
  8852 | D:9      | Reached ***** piety under Uskayaw
  9093 | D:10     | Entered Level 10 of the Dungeon
  9184 | D:10     | Found a staircase to the Orcish Mines.
  9294 | D:10     | Reached XP level 11. HP: 43/55 MP: 15/15
  9612 | D:10     | Found a staircase to the Lair.
  9708 | D:10     | Found Weleple's Magic Scroll Emporium.
  9714 | D:10     | Bought a scroll of blinking for 90 gold pieces
  9714 | D:10     | Bought a scroll of identify for 24 gold pieces
  9714 | D:10     | Bought a scroll of identify for 24 gold pieces
  9714 | D:10     | Bought a scroll of identify for 24 gold pieces
  9714 | D:10     | Bought a scroll of identify for 24 gold pieces
  9740 | D:10     | Gained mutation: Your magical capacity is low. (-10% MP) [mutagenic meat]
  9740 | D:10     | Lost mutation: Your magical capacity is low. (-10% MP) [potion of cure mutation]
  9852 | D:10     | Found a runed door.
  9936 | Lair:1   | Entered Level 1 of the Lair of Beasts
 10074 | Lair:1   | Found a labyrinth entrance.
 10081 | Lab      | Entered a labyrinth
 10400 | Lab      | Noticed a minotaur
 10434 | Lab      | Killed a minotaur
 10510 | Lab      | Identified the Grimoire of Sinister Arts and Changing
 10520 | Lab      | Got an iridescent scimitar
 10521 | Lab      | Identified the +10 scimitar of Gehenna {slice, rC- MP+9 Int+2 Dex+3} (You found it in a labyrinth)
 10526 | Lab      | Identified a +5 rod of shadows (13/13) (You found it in a labyrinth)
 10538 | Lab      | Got a brightly glowing glaive
 10539 | Lab      | Identified the cursed +1 glaive of Dieloarch {chop, MR++} (You found it in a labyrinth)
 10575 | Lair:1   | Identified a +2 rod of clouds (8/12) {!a} (You took it off a minotaur in a labyrinth)
 10742 | Lair:1   | Reached skill level 1 in Shields
 10868 | Lair:1   | Noticed an eight-headed hydra
 11271 | Lair:2   | Noticed Urug
 11425 | Lair:2   | Noticed Sonja
 11511 | Lair:2   | Gained mutation: You heal very quickly. [Vine Stalker growth]
 11511 | Lair:2   | Reached XP level 12. HP: 49/60 MP: 16/16
 11526 | Lair:2   | Cast into level 1 of the Abyss (Sonja)
 11769 | Abyss:2  | Noticed a tentacled starspawn
 11775 | Abyss:2  | Noticed a wretched star
 11842 | Abyss:2  | Reached skill level 5 in Shields
 11855 | Abyss:2  | Noticed a starcursed mass
 11903 | Lair:2   | Escaped the Abyss
 11946 | Lair:2   | Noticed Prince Ribbit
 11962 | Lair:2   | Killed Prince Ribbit
 12198 | Lair:2   | Killed Urug
 12198 | Lair:2   | Reached skill level 1 in Evocations
 12410 | Lair:2   | Killed Sonja
 12657 | Lair:3   | Found a staircase to the Snake Pit.
 12699 | Lair:3   | Found a staircase to the Shoals.
 12761 | Lair:3   | Reached skill level 5 in Invocations
 12993 | Lair:3   | Noticed a six-headed hydra
 13005 | Lair:3   | Killed a six-headed hydra
 13250 | Lair:4   | Noticed a five-headed hydra
 13694 | Lair:4   | Noticed Nessos
 13708 | Lair:4   | Killed Nessos
 14338 | Lair:5   | Reached XP level 13. HP: 49/63 MP: 18/18
 14660 | Lair:5   | Got a jewelled chain mail
 14672 | Lair:5   | Identified the +12 chain mail of the Okapi {rN+ Int+4 Dex+3} (You found it on level 5 of the Lair of Beasts)
 15246 | Lair:6   | Entered Level 6 of the Lair of Beasts
 15246 | Lair:6   | Noticed Rupert
 15288 | Lair:6   | Found a dark tunnel.
 15305 | Volcano  | Entered a volcano
 15573 | Volcano  | Found a burning altar of Makhleb.
 15611 | Volcano  | Reached skill level 10 in Shields
 16139 | Lair:6   | Noticed a fire dragon
 16150 | Lair:6   | Killed a fire dragon
 16390 | Lair:6   | Noticed Kirke
 16408 | Lair:6   | Noticed a sphinx
 16462 | Lair:6   | Found a staircase to the Slime Pits.
 16627 | Lair:6   | Found a runed door.
 16680 | Lair:6   | Reached ****** piety under Uskayaw
 16814 | Lair:6   | Got an ancient chain mail
 16826 | Lair:6   | Identified the +7 chain mail "Tyzio" {Str+2 Dex+3} (You found it on level 6 of the Lair of Beasts)
 16849 | Lair:6   | Got a steaming flail
 17082 | Lair:6   | Reached XP level 14. HP: 68/68 MP: 19/19
 17548 | Orc:1    | Entered Level 1 of the Orcish Mines
 17558 | Orc:1    | Noticed Fannar
 17575 | Orc:1    | Killed Fannar
 17703 | Orc:1    | Noticed Gastronok
 17724 | Orc:1    | Killed Gastronok
 17841 | Orc:1    | Found Nazouvu's Antique Weapon Emporium.
 17841 | Orc:1    | Noticed Josephine
 17850 | Orc:1    | Killed Josephine
 18008 | Orc:1    | Noticed Erolcha
 18009 | Orc:1    | Noticed Maurice
 18017 | Orc:1    | Killed Erolcha
 18025 | Orc:1    | Killed Maurice
 18255 | Orc:2    | Entered Level 2 of the Orcish Mines
 18255 | Orc:2    | Found Yghelex's Food Shoppe.
 18264 | Orc:2    | Noticed an orc warlord
 18449 | Orc:2    | Killed an orc warlord
 18944 | Orc:2    | Found Owaipnob's Antique Weapon Shoppe.
 18944 | Orc:2    | Found Wemus's Book Emporium.
 18944 | Orc:2    | Found Yxeumuf's Book Emporium.
 18967 | Orc:2    | Found Ruic's Jewellery Shoppe.
 19003 | Orc:2    | Bought an uncursed ring of protection from cold for 300 gold pieces
 19015 | Orc:2    | Noticed Saint Roka
 19130 | Orc:2    | Found a staircase to the Elven Halls.
 19177 | Orc:2    | Found a roughly hewn altar of Beogh.
 19444 | Orc:2    | HP: 2/68 [Saint Roka/bardiche of protection (37)]
 19452 | Orc:2    | HP: 2/68 [orc knight/bolt (3)]
 19453 | Orc:2    | Slain by Saint Roka

Skill      XL: |  1  2  3  4  5  6  7  8  9 10 11 12 13 14 |
---------------+-------------------------------------------+-----
Long Blades    | 3 4 5 6 7 8 9 12 13 14 | 14.0
Invocations    | 1 3 4 6 |  6.1
Fighting       | 3 5 |  5.0
Dodging        | 4 5 |  5.8
Armour         | 2 |  2.6
Shields        | 4 8 12 14 | 14.8
Evocations     | 4 |  4.0
Throwing       | |  1.7

Action                   |  1- 3 |  4- 6 |  7- 9 | 10-12 | 13-15 || total
-------------------------+-------+-------+-------+-------+-------++-------
Melee: Long sword        |    81 |   136 |   265 |       |       ||   482
       Bite              |    23 |    52 |   139 |   232 |   308 ||   754
       Great sword       |       |       |     8 |   203 |       ||   211
       Scimitar          |       |       |     5 |   235 |   559 ||   799
       Rapier            |       |       |       |     2 |    23 ||    25
       Unarmed           |       |       |       |       |     1 ||     1
 Fire: Blowgun           |       |     1 |       |    15 |       ||    16
Throw: Throwing net      |     2 |       |       |       |       ||     2
       Tomahawk          |       |       |       |     1 |       ||     1
Invok: Stomp             |       |     2 |     3 |     1 |     1 ||     7
       Line Pass         |       |       |     6 |     1 |       ||     7
 Abil: Evoke Berserk Rag |       |       |       |     1 |     7 ||     8
       Evoke Invisibilit |       |       |       |     1 |     5 ||     6
Evoke: Wand              |       |       |     5 |     4 |     5 ||    14
       Rod               |       |       |     2 |     7 |     7 ||    16
  Use: Scroll            |     6 |     2 |    11 |    23 |     6 ||    48
       Potion            |       |       |     1 |     7 |     2 ||    10
 Stab: Sleeping          |       |     3 |     1 |     5 |       ||     9
       Paralysed         |       |       |     9 |    28 |    55 ||    92
       Distracted        |       |       |     1 |     1 |     1 ||     3
       Invisible         |       |       |       |     4 |    15 ||    19
       Confused          |       |       |       |     2 |       ||     2
       Petrifying        |       |       |       |     2 |       ||     2
  Eat: Chunk             |     4 |     4 |    13 |    14 |    29 ||    64
       Pizza             |       |       |     1 |       |       ||     1
       Royal jelly       |       |       |       |     1 |       ||     1
       Beef jerky        |       |       |       |     1 |       ||     1
       Bread ration      |       |       |       |     2 |       ||     2
       Meat ration       |       |       |       |     1 |       ||     1
Armor: Leather armour    |    38 |    37 |    25 |       |       ||   100
       Skin              |       |       |    11 |       |       ||    11
       Ring mail         |       |       |    52 |    56 |       ||   108
       Steam dragon scal |       |       |       |    38 |     4 ||    42
       Chain mail        |       |       |       |       |   184 ||   184
Dodge: Dodged            |    57 |    83 |   150 |   259 |   154 ||   703
Block: Shield            |       |       |       |    92 |   304 ||   396
       Rpst.: Long sword |    17 |    28 |    35 |       |       ||    80
       Great sword       |       |       |     2 |    45 |       ||    47
       Scimitar          |       |       |       |    25 |    35 ||    60
